 Dungeon Crawl Stone Soup version 0.28-a0-1190-g77e1c55843 (webtiles) character file.

Game seed: 17605951631071662971

3462 enile the Cleaver (level 10, 0/136 HPs)
             Began as a Hill Orc Monk on Dec 18, 2021.
             Slain by Duvessa (8 damage)
             ... on level 7 of the Dungeon.
             The game lasted 00:24:24 (8881 turns).

enile the Cleaver (Hill Orc Monk)                   Turns: 8881, Time: 00:24:24

Health: 0/136      AC: 13    Str: 18 (19) XL:     10   Next: 6%
Magic:  13/13      EV: 10    Int:  7 (10) God:
Gold:   290        SH:  0    Dex: 13      Spells: 9/9 levels left

rFire   + . .      SeeInvis +   C - +0 broad axe
rCold   + + .      Faith    .   (no shield)
rNeg    . . .      Spirit   .   m - +3 scale mail {rF+}
rPois   +          Reflect  .   (no helmet)
rElec   +          Harm     .   f - scarf {repulsion}
rCorr   +          Rampage  .   y - +0 pair of gloves
Will    +....                   q - +0 pair of boots
Stlth   ..........              (no amulet)
HPRegen 0.32/turn               F - ring of ice
MPRegen 0.13/turn               l - ring "Watwykh" {Will+ SInv}

@: berserking (expiring), resistant, repel missiles, very quick
A: no striking features
a: no special abilities


You were on level 7 of the Dungeon.
You visited 1 branch of the dungeon, and saw 7 of its levels.

You collected 290 gold pieces.

Inventory:

Hand Weapons
 a - a +0 hand axe
 g - a +2 dagger of protection
 k - a +1 dagger of venom
 t - a +3 dagger
 C - a +0 broad axe (weapon)
 D - a +0 vorpal great sword
 E - a +2 whip of venom
Missiles
 d - 118 stones
Armour
 b - a +0 robe
 f - a scarf of repulsion (worn)
 m - a +3 scale mail of fire resistance (worn)
 q - a +0 pair of boots (worn)
 y - a +0 pair of gloves (worn)
 G - the +2 leather armour of Peek-a-Boo {rPois Str+2}
   (You found it on level 5 of the Dungeon)

   Str:       It affects your strength (+2).
   rPois:     It protects you from poison.
Jewellery
 e - a +4 ring of evasion
 l - the ring "Watwykh" (right hand) {Will+ SInv}
   (You acquired it on level 6 of the Dungeon)

   [ring of willpower]

   SInv:      It lets you see invisible.
   Will:      It increases your willpower.
 A - a +6 ring of intelligence
 B - a ring of see invisible
 F - a ring of ice (left hand)
Wands
 n - a wand of iceblast (3) (quivered)
Scrolls
 h - 3 scrolls of identify
 p - a scroll of immolation
 r - a scroll of silence
 s - 3 scrolls of blinking {unknown}
 v - a scroll of amnesia
 w - a scroll of enchant weapon
 x - a scroll of torment
 H - a scroll of fog {unknown}
 I - a scroll of brand weapon {unknown}
 J - a scroll of vulnerability {unknown}
 L - a scroll of magic mapping {unknown}
Potions
 c - a potion of degeneration
 i - 2 potions of might {unknown}
 j - a potion of berserk rage
 u - 2 potions of curing


   Skills:
 - Level 9.0 Fighting
 - Level 3.0 Short Blades
 - Level 9.0 Axes
 - Level 4.0 Throwing
 + Level 6.8 Armour
 - Level 3.0 Dodging
 - Level 2.0 Stealth
 - Level 5.0 Invocations
 - Level 4.0 Evocations


You had 9 spell levels left.
You didn't know any spells.
Your spell library contained the following spells:

 Spells                   Type           Power      Damage    Failure   Level
 Magic Dart               Conj           0%         1d3       78%         1
 Blink                    Tloc           0%         N/A       89%         2
 Searing Ray              Conj           0%         2d4       89%         2
 Lesser Beckoning         Tloc           0%         N/A       98%         3
 Fulminant Prism          Conj/Hex       0%         3d6       100%        4
 Manifold Assault         Tloc           0%         N/A       100%        5


Dungeon Overview and Level Annotations

Branches:
Dungeon (7/15)             Temple (0/1) D:5

Altars:
Sif Muna
Trog
The Shining One

Annotations:
D:7 Duvessa


Message History

Duvessa misses you.
It was a potion of curing.
You feel better. The water moccasin closely misses you.
Duvessa hits you with a +0 short sword!
The water moccasin bites you but does no damage.
It was a potion of berserk rage.
A red film seems to cover your vision as you go berserk!
You feel yourself moving faster!
You feel mighty! Duvessa hits you with a +0 short sword.
The water moccasin bites you. Duvessa hits you but does no damage.
You slice the water moccasin!!
You kill the water moccasin!
You hit Duvessa. Duvessa hits you with a +0 short sword!
You feel your strength returning.
You barely miss Duvessa.
Duvessa is moderately wounded.
Duvessa hits you with a +0 short sword!
* * * LOW HITPOINT WARNING * * *
You barely miss Duvessa.
Duvessa is moderately wounded.
Duvessa hits you with a +0 short sword!
* * * LOW HITPOINT WARNING * * *
You hit Duvessa.
Duvessa is moderately wounded.
Duvessa hits you with a +0 short sword.
* * * LOW HITPOINT WARNING * * *
Duvessa hits you but does no damage.
You closely miss Duvessa.
Duvessa is moderately wounded.
Duvessa hits you but does no damage.
You barely miss Duvessa.
Duvessa is moderately wounded.
Duvessa barely misses you.
You slash Duvessa!
Duvessa is heavily wounded.
Duvessa hits you with a +0 short sword.
* * * LOW HITPOINT WARNING * * *
You closely miss Duvessa.
Duvessa is heavily wounded.
Duvessa hits you with a +0 short sword!
You die...

...............#####.#####.# ##
........######.............# ...
...###...# #S#####.###... ...
#..# #...## #.# #.###.###.#.##
##.###....# #.# #.......e.....
##........# #.# #..##.........
####.#...†####.# #..##..##.#.#. #
#.........#.#####..>.......>.. #
#...........†@e[..............
####...........######.).....###..
..........###..# #..###..# ..
.####.#...# #..# #..# ... . .#
#.#..[.....# ##.# ..## .#
.###..##.## #.. ... .# #.# .#. .#
#.# .# #.#


You could see Duvessa (berserk).

Vanquished Creatures
  A boulder beetle (D:7)
  Pikel (D:6)
  A yak (D:7)
  Menkaure (D:7)
  2 water moccasins (D:7)
  A sky beast (D:6)
  A necrophage (D:4)
  3 ice beasts
  3 ogres
  3 centaurs
  2 lemures (D:6)
  A bullfrog (D:7)
  A water moccasin zombie (D:5)
  A wyvern skeleton (D:6)
  Dowan (D:7)
  2 water moccasin skeletons
  A crimson imp (D:4)
  4 hounds
  2 jellies
  A centaur skeleton (D:5)
  A gnoll shaman (D:6)
  2 iguanas
  An orc wizard (D:5)
  Terence (D:3)
  Robin (D:2)
  6 gnolls
  13 adders
  2 ufetubi
  2 adder skeletons
  2 worms
  5 dart slugs
  3 orcs
  11 ball pythons
  5 endoplasms
  A giant cockroach (D:1)
  13 goblins
  9 hobgoblins
  5 jackals
  7 kobolds
  8 bats
  2 frilled lizards
  2 goblin skeletons (D:4)
  2 hobgoblin zombies (D:4)
  2 kobold skeletons (D:4)
  A kobold zombie (D:4)
  An orc zombie (D:4)
  4 rats
145 creatures vanquished.

Notes
Turn   | Place    | Note
-------+----------+-------------------------------------------
     0 | D:1      | enile the Hill Orc Monk began the quest for the Orb.
     0 | D:1      | Reached XP level 1. HP: 19/19 MP: 1/1
   223 | D:1      | Found a faded altar of an unknown god.
   301 | D:1      | Reached XP level 2. HP: 16/27 MP: 2/2
   793 | D:1      | Reached skill level 5 in Axes
   955 | D:1      | Reached XP level 3. HP: 33/33 MP: 3/3
  1366 | D:1      | Reached skill level 1 in Throwing
  1527 | D:2      | Noticed Robin
  1549 | D:2      | Reached skill level 1 in Short Blades
  1575 | D:2      | Killed Robin
  1576 | D:2      | Reached XP level 4. HP: 35/41 MP: 4/4
  1788 | D:2      | Reached skill level 5 in Fighting
  2272 | D:3      | Noticed Terence
  2281 | D:3      | Killed Terence
  2282 | D:3      | Reached XP level 5. HP: 48/48 MP: 5/5
  2456 | D:3      | Reached skill level 1 in Armour
  3240 | D:3      | Reached XP level 6. HP: 55/56 MP: 6/6
  3341 | D:3      | Found a bloodstained altar of Trog.
  3461 | D:4      | Noticed an ice beast
  3500 | D:4      | Killed an ice beast
  3879 | D:4      | Noticed a necrophage
  3905 | D:4      | Killed a necrophage
  3906 | D:4      | Reached XP level 7. HP: 48/61 MP: 9/9
  4350 | D:4      | Found a glowing golden altar of the Shining One.
  5024 | D:5      | Entered Level 5 of the Dungeon
  5177 | D:5      | Found a shimmering blue altar of Sif Muna.
  5436 | D:5      | Reached skill level 1 in Evocations
  5436 | D:5      | Reached XP level 8. HP: 49/70 MP: 9/11
  5545 | D:5      | Found a staircase to the Ecumenical Temple.
  5566 | D:5      | Identified the +2 leather armour of Peek-a-Boo {rPois
                  | Str+2}
  6878 | D:6      | Identified a scroll of acquirement
  6879 | D:6      | Acquired the ring "Watwykh" {Will+ SInv}
  7512 | D:6      | Noticed Pikel
  7547 | D:6      | Killed Pikel
  7548 | D:6      | Reached XP level 9. HP: 47/81 MP: 12/12
  8177 | D:7      | Noticed Duvessa
  8177 | D:7      | Noticed Dowan
  8373 | D:7      | Noticed Menkaure
  8377 | D:7      | Killed Menkaure
  8829 | D:7      | Noticed a boulder beetle
  8851 | D:7      | Killed Dowan
  8861 | D:7      | Killed a boulder beetle
  8862 | D:7      | Reached skill level 5 in Invocations
  8862 | D:7      | Reached XP level 10. HP: 69/91 MP: 13/13
  8881 | D:7      | Slain by Duvessa

Illustrated notes

Levels and vault maps discovered:
D:1:      lemuel_arrival_hallway, layout_basic,
          ebering_ecumenical_altar_petrified, minmay_misc_feat_rugged
D:2:      layout_basic, kennysheep_generic_room_14, uniq_robin
D:3:      layout_basic, lightli_temple_of_fire, minmay_pentangle, uniq_terence
D:4:      layout_layer_cave, nicolae_tso_besieged_by_evil, fountainhead
D:5:      layout_basic, tgw_sif, minmay_temple_entry_tees,
          serial_co_window_serial, co_window_corner_a, co_window_cross_1,
          co_window_paths_a, co_window_paths_a, co_window_corner_a,
          co_window_cross_2, co_window_cross_2, co_window_corner_b,
          co_window_unsneaky_path_e, co_window_4corner_a, co_window_paths_d,
          glass_columns_c, glass_columns_b, glass_columns_a, glass_columns_c
D:6:      layout_rooms, kennysheep_pointless_box, uniq_pikel
D:7:      layout_loops_ring, hellmonk_ghost_happy_afterlife, minmay_circle_x,
          uniq_menkaure, uniq_duvessa

Skill      XL: |  1  2  3  4  5  6  7  8  9 |
---------------+----------------------------+-----
Fighting       | 4 5 6 8 9 |  9.0
Axes           | 5 7 9 |  9.0
Throwing       | 1 2 3 4 |  4.0
Short Blades   | 1 2 3 |  3.0
Armour         | 3 4 6 |  6.8
Invocations    | 3 4 5 |  5.0
Stealth        | 2 |  2.0
Evocations     | 1 2 4 |  4.0
Dodging        | 3 |  3.0

Action                   |  1- 3 |  4- 6 |  7- 9 | 10-12 || total
-------------------------+-------+-------+-------+-------++-------
Melee: Hand axe          |    75 |       |       |       ||    75
       Dagger            |    24 |   231 |   170 |       ||   425
       Broad axe         |       |       |   151 |    14 ||   165
Throw: Stone             |     9 |     3 |    69 |       ||    81
       Javelin           |     5 |    10 |     5 |       ||    20
Evoke: Wand              |       |       |    17 |       ||    17
  Use: Scroll            |       |       |    14 |       ||    14
       Potion            |       |       |     6 |     3 ||     9
 Stab: Sleeping          |     5 |     1 |     1 |       ||     7
Armor: Robe              |     6 |     7 |       |       ||    13
       Scale mail        |       |    68 |   110 |    12 ||   190
       Leather armour    |       |       |    32 |       ||    32
Dodge: Dodged            |    83 |   192 |   227 |    15 ||   517
       Repelled          |     4 |     1 |       |       ||     5

Table legend: (Time is in decaauts)
 A = Elapsed time spent in this place.
 B = Non-inter-level travel time spent in this place.
 C = Inter-level travel time spent in this place.
 D = Time resting spent in this place.
 E = Time spent auto-exploring this place.
 F = Levels seen in this place.
 G = Mean time per level.
                   A        B        C        D        E       F      G
               +--------+--------+--------+--------+--------+-----+--------+
         Total |   8888 |   8702 |    186 |    225 |   6744 |   7 | 1269.7 |
       Dungeon |   8888 |   8702 |    186 |    225 |   6744 |   7 | 1269.7 |
               +--------+--------+--------+--------+--------+-----+--------+

Top non-repeatable levels by time:
     D:5: 1946 daAuts
     D:4: 1557 daAuts
     D:1: 1420 daAuts
     D:3: 1198 daAuts
     D:6: 1170 daAuts
     D:2: 833 daAuts
     D:7: 762 daAuts
